← All builds
Front / Armada / Economy first / OBSERVED BUILD

Standard front

Armada Front build order · Supreme Isthmus

Standard economy-first Front play: Bot Lab and Vehicle Plant up immediately, units trickle to the coast and middle, with an Advanced Metal Extractor around 9:00 as the eco transition.

#eco · 1699 distinct matches · 247 players · 74% of Armada Front games · team won 61% of 1993 · Recently observed

HOW TO PLAY IT

Key timing: T2 constructor by 7:43

  1. Open mex and wind, drop Bot Lab and Vehicle Plant almost immediately.
  2. Pump Blitz, Rocketeer and Pawn to the coast to stop leaks first.
  3. Add Centurion and Janus once first units are moving up.
  4. Form units into a line pushing toward middle as numbers grow.
  5. Upgrade to Advanced Metal Extractor as the economy transition kicks in.

Phase by phase

TYPICAL OF ITS 1699 GAMES
  1. 1
  2. 2
  3. 3
PLAY THE OPENING

Follow the example game's first 6:00 step by step: what to build now, what comes next, and where it goes. At 1× it keeps pace with your own game.

  1. 1

    Up to the Bot Lab

    Economy
    • Metal Extractor2Mex
    Order
    1. Bot LabBot Lab after 2 mex, 1 winddone ~0:44, middle half 0:33–0:54

    Some games also: wind (48%) · Vehicle Plant (35%)

    By 0:28 in all: 2 mex

    The example game in this phase · 89 steps
    1. Mex ×2
    2. Vehicle PlantVehicle Plantdone 0:41 · typical 0:47
    3. Wind
    4. RoverScout ×2
    5. Wind
    6. RoverScout ×2
    7. Mex
    8. BlitzBlitz ×5
    9. Construction VehicleCon vehicle ×3
    10. Mex
    11. BlitzBlitz ×3
    12. Mex
    13. BlitzBlitz
    14. Construction VehicleCon vehicle
    15. Mex
    16. SentrySentry
    17. BlitzBlitz ×5
    18. BeamerBeamer
    19. BlitzBlitz ×3
    20. BeamerBeamer
    21. BlitzBlitz ×4
    22. Mex
    23. Dragon's TeethDragon's Teeth
    24. BeamerBeamer
    25. BlitzBlitz
    26. Mex
    27. BlitzBlitz
    28. Con turret
    29. BlitzBlitz ×2
    30. Con turret
    31. BlitzBlitz
    32. Wind
    33. BlitzBlitz ×2
    34. Wind
    35. BlitzBlitz
    36. Wind
    37. BlitzBlitz
    38. Energy storage
    39. BlitzBlitz
    40. Con turret
    41. Wind
    42. BlitzBlitz
    43. Con turret
    44. Wind
    45. StoutStout
    46. Wind ×2
    47. StoutStout
    48. BeamerBeamer
    49. Shark's TeethShark's Teeth
    50. Wind
    51. Shark's TeethShark's Teeth
    52. StoutStout
    53. Dragon's TeethDragon's Teeth
    54. Wind
    55. Dragon's TeethDragon's Teeth ×3
    56. StoutStout
    57. Dragon's TeethDragon's Teeth
    58. Wind
    59. Dragon's TeethDragon's Teeth ×2
    60. StoutStout
    61. Dragon's TeethDragon's Teeth
    62. Sneaky PeteSneaky Pete
    63. Wind
    64. Dragon's TeethDragon's Teeth
    65. Wind
    66. RoverScout ×2
    67. Wind
    68. RoverScout
    69. Advanced Metal ExtractorT2 mexdone 8:43 · typical 9:01
    70. StoutStout
    71. Vehicle PlantEat Vehicle Plantreclaimed for its metal
    72. Wind ×4
    73. Advanced Metal ExtractorT2 mex
    74. Wind
    75. Advanced Metal ExtractorT2 mex
    76. Wind
    77. Con turret ×2
    78. Wind
    79. Advanced Metal ExtractorT2 mex
    80. Con turret
    81. Converter ×3
    82. Con turret
    83. Aircraft PlantAircraft Plantdone 10:52
    84. Advanced Metal ExtractorT2 mex
    85. Construction AircraftCon aircraft
    86. StorkLight transport
    87. Cloakable Fusion ReactorCloakable Fusion Reactordone 12:38
    88. Con turret ×3
    89. Bot LabBot Labdone 13:01 · typical 0:44
  2. 2

    Bot Lab to 5:00

    Economy
    • Metal Extractor4Mex
    • Wind Turbine3Wind
    Builders
    • Construction Bot1 Con bot
    Army
    • Sentry1 Sentry
    • Rocketeer6 Rocketeer

    Some games also: Lazarus (49%) · tick (46%) · centurion (40%) · con vehicle (32%) · janus (32%)

    By 5:00 in all: 6 mex · 6 wind

  3. 3

    5:00 to 10:00

    Economy
    • Metal Extractor1Mex
    • Wind Turbine14Wind
    Builders
    • Construction Turret2 Con turret
    Army
    • Sentry1 Sentry

    Some games also: rocketeer (46%) · energy storage (43%) · Lazarus (38%) · con bot (37%) · Radar Tower (36%)

    By 10:00 in all: 7 mex · 24 wind · 1 energy storage · 3 con turret

    The example game in this phase · 67 steps
    1. Con turret
    2. Advanced Metal ExtractorT2 mex
    3. Con turret
    4. TickTick ×2
    5. Con turret
    6. TickTick ×3
    7. Con turret
    8. TickTick
    9. Radar TowerRadar Tower
    10. Con turret
    11. TickTick ×2
    12. Sneaky PeteSneaky Pete
    13. TickTick ×3
    14. SentrySentry
    15. TickTick ×2
    16. SentrySentry
    17. TickTick ×3
    18. SentrySentry
    19. TickTick ×4
    20. SentrySentry
    21. TickTick
    22. BeamerBeamer
    23. TickTick ×4
    24. BeamerBeamer
    25. TickTick ×6
    26. Con turret
    27. TickTick ×4
    28. Converter
    29. TickTick ×6
    30. Bot LabBot Labdone 14:10
    31. TickTick
    32. Converter
    33. TickTick
    34. PawnPawn
    35. TickTick
    36. PawnPawn
    37. TickTick
    38. PawnPawn
    39. TickTick
    40. Converter
    41. PawnPawn
    42. TickTick
    43. PawnPawn
    44. TickTick
    45. PawnPawn
    46. TickTick
    47. Converter
    48. PawnPawn
    49. TickTick
    50. Converter
    51. PawnPawn
    52. TickTick ×2
    53. PawnPawn
    54. Converter
    55. TickTick
    56. PawnPawn
    57. TickTick ×2
    58. Converter
    59. TickTick ×3
    60. Converter
    61. TickTick ×6
    62. Aircraft PlantAircraft Plantdone 14:48
    63. TickTick
    64. Converter
    65. TickTick ×6
    66. Converter
    67. TickTick ×2

Counts are medians over the build's games: half of them build more, half fewer. The example game is EpicTyrannus's (42 OS, 14/10/2026); pick another.

Team trades

IN AT LEAST 30% OF ITS GAMES

You hand over

Nothing regular.

You get

  • Tidal Generator4 Tidal from Pondfirst at 0:17 · in 68% of games
  • Advanced Construction Bot1 T2 con bot from Geo or Techfirst at 7:23 · in 64% of games

How it plays out

Typical game of this build, running totals by minute

Metal produced

010k20k30k
0:005:0010:0015:00

metal

Enemy metal destroyed

05k10k
0:005:0010:0015:00

metal

Own metal lost

05k10k
0:005:0010:0015:00

metal

1993 games.

Show as table
ByMetal produced: This buildEnemy metal destroyed: This buildOwn metal lost: This build
1:0033300
2:008402131
3:001618135108
4:002699522333
5:0038471127787
6:00503519231427
7:00624927142302
8:00753435443173
9:00897343264069
10:001053850054807
11:001237355335547
12:001452759766408
13:001685764686999
14:001922071637826
15:002185478688687
WHAT THE NUMBERS SAY

Standard Front play wins more often than Suicide front and produces more metal by 15:00 while losing less of it.

  • + Metal produced reaches 22627 by 15:00, well above Suicide front's 20142.
  • + Own metal lost is 8944 by 15:00, lower than enemy metal destroyed ratio of Suicide front.
  • − First unit lost already at 1:43, showing exposure despite the safer position.
  • − Blitz dominates army share at 25%, leaving fewer Centurion for anti-swarm.
THE EXAMPLE YOU ARE READING

EpicTyrannus

42.0 OS · 14/10/2026

Open source match ↗

5 received units · includes a constructor
596 metal received · 67855 energy received

Allied construction assistance is unknown. Timings are observations, not a promise of solo reproducibility.

Typical milestones

Bot Lab0:44Middle 50%: 0:33–0:54 · n=1331
Vehicle Plant0:47Middle 50%: 0:41–1:14 · n=1285
Advanced Metal Extractor9:01Middle 50%: 8:09–10:15 · n=1563

Played most by

haaven107games of this buildHummell107games of this buildLeohvm93games of this buildTheGeneraI75games of this buildXad69games of this build